 Dungeon Crawl Stone Soup version 0.23-a0-139-ga22e90c45f (webtiles) character file.

56 Holzbalken the Chopper (level 3, 0/27 HPs)
             Began as a Demonspawn Gladiator on Aug 31, 2018.
             Slain by Natasha (4 damage)
             ... on level 2 of the Dungeon.
             The game lasted 00:04:37 (1074 turns).

Holzbalken the Chopper (Demonspawn Gladiator)       Turns: 1074, Time: 00:04:38

Health: 0/27       AC:  6    Str: 15    XL:     3   Next: 69%
Magic:  3/3        EV: 13    Int:  9    God:
Gold:   75         SH:  0    Dex: 14    Spells: 2/2 levels left

rFire    . . .     SeeInvis .     - Unarmed
rCold    . . .     Gourm    .   (no shield)
rNeg     . . .     Faith    .   m - +0 ring mail
rPois    .         Spirit   .   c - +0 helmet
rElec    .         Reflect  .   a - scarf {cloud immunity}
rCorr    .         Harm     .   (no gloves)
MR       .....                  (no boots)
Stlth    ..........             (no amulet)
HPRegen  0.09/turn              e - ring of attention (curse)
MPRegen  0.08/turn              (no ring)

@: slowed, very slow
A: claws 1, repulsion field 1
a: no special abilities


You were on level 2 of the Dungeon.
You were hungry.

You visited 1 branch of the dungeon, and saw 2 of its levels.

You collected 75 gold pieces.

Inventory:

Missiles
 d - 3 throwing nets (quivered)
Armour
 a - a scarf of cloud immunity (worn)
 b - a +0 leather armour
 c - a +0 helmet (worn)
 m - a +0 ring mail (worn)
Jewellery
 e - a cursed ring of attention (left claw)
Scrolls
 g - a scroll of remove curse {unknown}
 j - a scroll of random uselessness {unknown}
 l - 3 scrolls of amnesia {unknown}
Potions
 i - a potion of brilliance {unknown}
 k - a potion of heal wounds {unknown}
Comestibles
 f - a ration


   Skills:
 - Level 2.0 Fighting
   Level 3.1 Axes
 - Level 1.7 Throwing
 + Level 1.5 Armour
 - Level 2.6 Dodging
 * Level 1.9 Unarmed Combat


You had 2 spell levels left.
You didn't know any spells.
Your spell library was empty.

Dungeon Overview and Level Annotations

Branches:
Dungeon (2/15)

Altars:

Annotations:
D:2 Natasha


Innate Abilities, Weirdness & Mutations

You have sharp fingernails.
You are surrounded by a mild repulsion field. (EV +2)


Message History

You start waiting.
Natasha is too close now for your liking.
Natasha drinks a potion.
Natasha flickers and vanishes!
Deactivating autopickup; reactivate with Ctrl-A.
You barely miss something. Something claws you but does no damage.
You scratch something. You closely miss something. Something claws you.
You scratch something but do no damage. Something claws you.
You miss something. Something claws you.
You miss something. Something claws you but does no damage.
You closely miss something. Something claws you.
You miss something.
You hear some strange, mumbled words.
You feel yourself slow down.
You barely miss something. Something claws you. x2
* * * LOW HITPOINT WARNING * * *
You miss something. Something claws you.
* * * LOW HITPOINT WARNING * * *
You closely miss something. Something claws you.
You die...

#.# #..#.#####..#
#.#####.##........#
#..............##..
#.#####..#####.#
##.#...#........###.
..#.#.......#......
#.#...#>.##....###.
######.##.##........#
#.....{@......#####.#
#.>...###.###.......#
#.........# #########
#.....###.#
#.......##.#
.......#.#..#
.........#..#####.
..................
.........<...####.


There were no monsters in sight!

Vanquished Creatures
  Natasha (D:2)
  A dart slug (D:1)
  4 bats (D:1)
  4 goblins (D:1)
  4 hobgoblins (D:1)
  3 jackals (D:1)
  A ball python (D:1)
  A frilled lizard (D:1)
  4 kobolds (D:1)
  4 rats (D:1)
27 creatures vanquished.

Vanquished Creatures (others)
  A dart slug (D:1)
  A giant cockroach (D:1)
2 creatures vanquished.

Grand Total: 29 creatures vanquished

Notes
Turn   | Place    | Note
-------+----------+-------------------------------------------
     0 | D:1      | Holzbalken the Demonspawn Gladiator began the quest for the
                  | Orb.
     0 | D:1      | Reached XP level 1. HP: 16/16 MP: 1/1
    65 | D:1      | Reached skill level 3 in Axes
    82 | D:1      | Gained mutation: You have sharp fingernails. [demonic
                  | ancestry]
    82 | D:1      | Reached XP level 2. HP: 22/22 MP: 2/2
   549 | D:1      | Reached skill level 1 in Armour
   600 | D:1      | Reached skill level 1 in Unarmed Combat
   759 | D:1      | Gained mutation: You are surrounded by a mild repulsion
                  | field. (EV +2) [demonic ancestry]
   759 | D:1      | Reached XP level 3. HP: 27/27 MP: 3/3
   924 | D:2      | Noticed Natasha
   938 | D:2      | Killed Natasha
  1057 | D:2      | Noticed Natasha
  1074 | D:2      | Slain by Natasha

Vault maps used:
D:1:      dpeg_arrival_more_subterranean_lakeside_camping, lemuel_flame_loot_1
D:2:      minmay_distorted, uniq_natasha

Skill      XL: |  1  2 |
---------------+-------+-----
Axes           | 3 |  3.1
Armour         | 1 |  1.5
Unarmed Combat | 1 |  1.9
Fighting       | |  2.0
Throwing       | |  1.7
Dodging        | |  2.6

Action                   || total
-------------------------++-------
Melee: War axe           ||    27
       Unarmed           ||    86
Armor: Leather armour    ||    25
       Ring mail         ||    18
Dodge: Dodged            ||    83

Table legend:
 A = Non-vault XP
 B = Vault XP
 C = Vault XP percentage of total XP
 D = Non-vault monster count
 E = Vault monster count
 F = Vault count percentage of total count
                 A         B        C        D         E       F
            +---------+---------+-------+---------+---------+-------
      Total |      43 |      37 |  46.2 |      26 |       1 |   3.7
            +---------+---------+-------+---------+---------+-------
        D:1 |      43 |       0 |   0.0 |      26 |       0 |   0.0
        D:2 |       0 |      37 | 100.0 |       0 |       1 | 100.0
            +---------+---------+-------+---------+---------+-------
